Map: Dusk Towers

Players

capac - Winner!

  • Race: Terran Terran
  • League: Gold

BloodySmile

  • Race: Terran Terran
  • League: Gold

VOD

Have the link to the VOD?

Description

Time

  • Played on: May 10, 2016, 12:42 p.m.
  • Length: 21:38
Show
View Real Time Build Order
Export as new Build Order

capac Terran - Winner!

Build Orders: Reaper Expand, MMM Bio 

Get SALT Encoding   

  12  0:01  SCV  
  13  0:13  SCV  
  14  0:19  Supply Depot  
  14  0:25  SCV  
  15  0:41  SCV  
  15  0:42  Barracks  
  16  0:45  Refinery  
  16  0:53  SCV  
  17  1:05  SCV  
  18  1:17  SCV  
  19  1:29  Orbital Command  
  19  1:31  Reaper  
  20  1:43  Command Center  
  20  1:54  Supply Depot  
  20  1:57  SCV  
  21  2:03  Marine  
  22  2:09  SCV  
  23  2:17  Factory  
  23  2:20  Refinery  
  23  2:38  Marine  
  23  2:39  Barracks  
  23  2:40  SCV  
  25  3:03  Factory Tech Lab  
  25  3:12  Barracks  
  24  3:17  Engineering Bay  
  24  3:19  Starport  
  24  3:20  Orbital Command  
  24  3:22  SCV  
  25  3:27  Siege Tank  
  25  3:33  Barracks Reactor  
  28  3:34  Marine  
  28  3:40  SCV  
  30  3:50  Missile Turret  
  30  3:52  Marine, SCV  
  32  3:56  SCV  
  32  3:59  Medivac  
  35  4:07  Siege Tank  
  38  4:10  SCV  
  38  4:13  Supply Depot  
  38  4:14  Marine  
  40  4:22  SCV  
  41  4:24  SCV  
  41  4:29  Starport Reactor  
  42  4:34  Barracks Tech Lab  
  42  4:44  Missile Turret  
  42  4:51  SCV x2  
  42  4:52  Refinery  
  44  4:54  Marine x3  
  44  4:55  Marine  
  44  4:57  Stimpack  
  44  4:58  Siege Tank  
  51  5:03  Refinery  
  51  5:12  Marine  
  51  5:13  Marine x2  
  54  5:17  Supply Depot  
  54  5:19  Supply Depot  
  54  5:22  Marine  
  54  5:23  Viking x2  
  59  5:38  Missile Turret  
  59  5:52  Missile Turret  
  59  5:53  SCV x2  
  59  5:56  Missile Turret, Medivac  
  63  6:05  SCV  
  64  6:16  SCV  
  65  6:35  Marine, SCV x2  
  65  6:36  Marine  
  65  6:37  Barracks Reactor  
  69  6:43  Marine  
  69  6:45  Siege Tank  
  73  6:53  Marine x2  
  75  6:56  Viking  
  75  6:57  Command Center  
  77  7:18  Marine  
  78  7:28  Supply Depot x2  
  78  7:33  Combat Shields  
  78  7:42  Marine  
  78  7:49  Viking, Marine x3, Siege Tank  
  82  8:13  Supply Depot  
  56  8:42  Siege Tank  
  56  8:45  Marine x3  
  62  8:51  Viking  
  62  8:52  Viking  
  66  8:57  SCV  
  67  9:03  Barracks, Marine x2  
  67  9:05  Marine  
  69  9:21  Marine x2  
  71  9:37  SCV x2  
  73  9:39  Marine x2  
  73  9:45  Barracks  
  75  9:49  Barracks  
  75  9:52  Barracks  
  75  9:53  SCV  
  75  9:54  SCV x2  
  75  9:59  Missile Turret  
  78  10:00  Viking x2  
  78  10:01  Marine  
  83  10:14  Marine x2  
  83  10:19  Marine, SCV x2  
  83  10:20  SCV  
  89  10:25  Siege Tank  
  92  10:31  SCV  
  93  10:36  Supply Depot x2, SCV x2  
  93  10:37  Barracks Reactor  
  93  10:38  Barracks Reactor  
  95  10:50  Starport, SCV x2  
  95  10:55  Missile Turret  
  97  10:59  Terran Infantry Weapons Level 1  
  97  11:08  Siege Tank  
  97  11:09  Barracks Reactor  
  97  11:10  Barracks Reactor  
  100  11:13  Marine x2  
  100  11:14  Marine x3, Liberator x2  
  105  11:19  Marine  
  105  11:20  Marine  
  105  11:23  Starport  
  107  11:27  Starport Reactor  
  113  11:40  Siege Tank  
  116  11:47  Supply Depot  
  116  11:50  Supply Depot  
  116  12:08  Medivac x2  
  116  12:10  Missile Turret x2  
  120  12:22  SCV x2  
  122  12:23  Marine x4  
  122  12:24  Marine x5  
  122  12:25  Marine  
  132  12:30  Orbital Command  
  132  12:40  Refinery  
  132  12:42  Marine  
  132  12:43  Missile Turret  
  133  13:04  Liberator  
  133  13:09  Factory  
  133  13:12  Supply Depot  
  133  13:13  Supply Depot, Marine x5, Siege Tank  
  133  13:16  Liberator  
  133  13:17  Marauder, Marine x5  
  148  13:21  Medivac x2  
  155  13:31  Refinery  
  158  13:36  Marine x4  
  158  13:37  Marine x6  
  158  13:38  Marine  
  169  13:42  Starport Reactor  
  169  13:46  Missile Turret  
  169  13:51  Supply Depot  
  169  13:52  Supply Depot  
  169  13:53  Factory Tech Lab  
  169  13:55  Liberator x2  
  169  14:15  Siege Tank x2  
  169  14:16  Marine x3  
  169  14:17  Marine x5  
  189  14:32  Liberator  
  189  14:41  Liberator  
  189  14:49  Marine, Medivac x2  
  197  14:53  Supply Depot  
  133  15:37  Liberator x4  
  127  15:44  Marine  
  128  15:55  Marine  
  128  15:56  Marine x9  
  150  16:02  Marine  
  151  16:13  Marine  
  151  16:14  Marine x3  
  155  16:22  Marine  
  155  16:23  Marine x6  
  162  16:31  Orbital Command  
  161  17:07  Marine x2  
  161  17:08  Marine x9  
  172  17:25  Marine x6  
  172  17:29  Refinery x2  
  178  17:32  Command Center  
  178  17:46  Terran Infantry Armor Level 1  
  178  17:48  Armory  
  178  18:05  SCV x2  
  180  18:06  SCV  
  176  19:08  Liberator  
  176  19:09  Liberator x3  
  188  19:50  Barracks Reactor  
  188  19:52  Barracks Reactor  
Show
View Real Time Build Order
Export as new Build Order

BloodySmile Terran 

Build Orders: Banshee Rush 

Get SALT Encoding   

  12  0:01  SCV  
  13  0:13  SCV  
  14  0:18  Supply Depot  
  14  0:25  SCV  
  15  0:39  Refinery, SCV  
  16  0:45  Barracks  
  16  0:52  SCV  
  17  1:04  SCV  
  18  1:13  Supply Depot  
  18  1:16  SCV  
  19  1:28  SCV  
  20  1:40  SCV  
  20  1:43  Factory  
  21  1:52  SCV  
  22  1:56  Marine  
  22  2:01  Supply Depot  
  23  2:03  Refinery  
  23  2:14  Marine  
  24  2:22  SCV  
  24  2:30  Factory Tech Lab  
  24  2:32  Marine  
  24  2:34  SCV  
  26  2:37  Starport  
  26  2:46  SCV  
  26  2:50  Marine  
  28  2:56  Siege Tank  
  32  2:58  SCV  
  32  3:01  Supply Depot  
  32  3:08  Marine  
  33  3:17  Starport Tech Lab  
  33  3:19  Supply Depot  
  33  3:25  Marine  
  33  3:27  SCV  
  35  3:39  SCV  
  35  3:41  Engineering Bay  
  36  3:43  Marine  
  36  3:46  Supply Depot, Banshee  
  40  3:50  Cloaking Field  
  40  4:00  Orbital Command  
  40  4:01  Marine  
  41  4:13  Starport  
  41  4:19  Marine  
  41  4:20  Siege Tank  
  45  4:37  Marine  
  46  4:41  Banshee  
  49  4:45  Supply Depot  
  49  4:50  Missile Turret  
  49  4:52  Starport Reactor  
  49  5:24  Banshee  
  52  5:49  Siege Tank  
  52  5:51  Marine  
  53  6:00  Barracks  
  53  6:04  Medivac x2  
  55  6:08  Marine  
  55  6:26  Marine  
  55  6:29  Banshee  
  59  6:44  Marine  
  60  7:02  Marine  
  61  7:13  Factory  
  61  7:14  Command Center  
  61  7:19  Starport  
  61  7:20  Marine  
  47  8:43  Banshee  
  47  8:46  Starport Reactor, Factory Tech Lab  
  47  8:47  Medivac  
  47  8:48  Medivac  
  54  8:51  Siege Tank  
  54  9:26  Banshee  
  50  9:38  Siege Tank  
  47  9:44  SCV  
  48  9:56  SCV  
  49  10:08  SCV, Command Center  
  49  10:10  Siege Tank  
  53  10:20  Barracks Reactor, SCV  
  54  10:24  Barracks Reactor  
  54  10:25  Terran Infantry Weapons Level 1  
  54  10:27  Supply Depot  
  54  10:32  SCV  
  54  10:33  Viking  
  57  10:43  Refinery  
  57  10:44  Refinery, SCV  
  57  10:46  Supply Depot  
  57  10:48  Supply Depot  
  58  10:56  SCV  
  59  10:59  Medivac  
  59  11:03  Medivac  
  63  11:08  Marine x2, SCV  
  63  11:09  Marine x2  
  68  11:20  SCV  
  68  11:25  Refinery  
  69  11:26  Marine  
  69  11:27  Marine  
  71  11:33  Siege Tank, SCV  
  75  11:41  Siege Tank  
  75  11:43  Marine  
  75  11:44  Marine  
  75  11:45  Marine x2, SCV  
  83  11:57  SCV  
  84  12:02  Marine  
  84  12:04  Banshee  
  88  12:12  SCV  
  88  12:14  SCV  
  90  12:24  SCV  
  90  12:26  SCV  
  92  12:36  SCV  
  93  12:38  SCV  
  94  12:47  Banshee  
  94  12:48  SCV  
  98  13:00  SCV  
  99  13:09  Medivac x3  
  99  13:10  Marine x2, Medivac  
  99  13:11  Marine x2  
  111  13:14  SCV  
  111  13:16  Refinery  
  112  13:26  Supply Depot, SCV  
  113  13:28  Marine  
  113  13:29  Marine  
  113  13:30  SCV  
  113  13:34  Siege Tank x2  
  119  13:35  Marine  
  119  13:36  Marine  
  119  13:38  SCV  
  125  13:47  Marine x2  
  125  13:48  Supply Depot, SCV  
  128  13:53  Marine x2  
  130  14:00  SCV  
  131  14:27  Marine x2  
  131  14:28  Marine x2  
  131  14:30  Siege Tank  
  141  14:31  Siege Tank  
  141  14:56  Marine x2  
  141  14:57  Marine x2  
  136  15:02  Siege Tank  
  108  15:14  Marine x2  
  108  15:15  Marine x2  
  88  15:32  Marine x2, Siege Tank  
  88  15:33  Marine x2  
  88  15:34  Siege Tank  
  80  15:50  Marine x2  
  80  15:51  Marine x2  
  84  16:04  Siege Tank  
  84  16:06  Siege Tank  
  84  16:08  Marine x2  
  84  16:09  Marine x2  
  94  16:12  Medivac x2  
  94  16:13  Medivac  
  100  16:22  Orbital Command  
  100  16:25  Orbital Command  
  100  16:26  Marine, Command Center  
  101  16:33  Medivac  
  101  16:36  Siege Tank  
  101  16:38  Siege Tank  
  109  16:41  Medivac  
  109  16:42  Medivac  
  109  16:44  Command Center  
  107  17:07  Viking  
  109  17:09  Siege Tank  
  109  17:10  Siege Tank  
  109  17:11  Viking  
  109  17:12  Viking  
  109  17:14  Viking  
  121  17:22  Marine x4  
  125  17:40  Marine x4  
  125  17:41  Viking  
  131  17:54  Viking  
  131  17:55  Viking  
  131  17:56  Siege Tank  
  131  17:57  Marine  
  131  17:58  Marine x3  
  142  18:15  Marine  
  142  18:16  Marine x3  
  140  18:33  Marine  
  140  18:34  Marine x3  
  104  18:51  Viking x2, Marine x2  
  104  18:52  Marine x2  
  104  18:54  Viking x2  
  116  19:09  Marine x4  
  120  19:21  Viking x2  
  120  19:23  Viking  
  120  19:24  Viking  
  128  19:25  SCV  
  128  19:26  Refinery  
  128  19:27  Marine x4  
  133  19:33  Refinery  
  133  19:35  Barracks  
  133  19:36  Refinery  
  133  19:37  SCV  
  134  19:44  Marine  
  134  19:45  Marine x3  
  138  19:49  SCV  
  138  19:51  Viking x2  
  143  19:53  Viking  
  143  19:54  Viking  
  147  20:01  SCV  
  147  20:02  Marine  
  147  20:03  Marine x3  
  152  20:13  SCV  
  153  20:20  Marine x2  
  153  20:21  Viking x2, Marine x2  
  157  20:23  Viking  
  157  20:24  Viking  
  165  20:46  Marine  
  165  20:47  Marine x3  
  169  20:50  Widow Mine  
  171  21:05  Marine x2  
  171  21:06  Widow Mine, Marine x2  
Tags
 
Composition
MMM Bio
League
GoldGold
Matchup
TvT
Race
Terran
Strategy
Banshee Rush
Add a new tag
Caveats
  • Supply blocks, unpowered buildings, or Contaminate may cause inaccurate times.
  • Supply counts are checked every 10 seconds.